 Dungeon Crawl Stone Soup version 0.30-a0-23-ge60ba3568b (webtiles) character file.

Game seed: 9138053908737014924

19 Spectrina the Magician (level 2, -1/21 HPs)
             Began as a Djinni Venom Mage on Aug 24, 2022.
             Shot with a sling bullet by a goblin (6 damage)
             ... on level 1 of the Dungeon.
             The game lasted 00:04:29 (409 turns).

Spectrina the Magician (Djinni Venom Mage)           Turns: 409, Time: 00:04:30

Health: -1/21      AC:  2    Str:  7    XL:     2   Next: 95%
Gold:   53         EV: 12    Int: 16    God:
                   SH:  0    Dex: 13

rFire   + + .      SeeInvis .    b - staff of air
rCold   x . .      Faith    .    (no shield)
rNeg    . . .      Spirit   .    a - +0 robe
rPois   ∞          Reflect  .    (no helmet)
rElec   +          Harm     .    (no cloak)
rCorr   .          Rampage  .    (no gloves)
Will    .....                    (boots unavailable)
Stlth   ++........               (no amulet)
HPRegen 0.07/turn                (no ring)
MPRegen 0.00/turn                (no ring)

@: flying
A: sickness immunity, fire resistance 2, cold vulnerability 1, float, innate
caster, HP casting, extra vitality 1
a: no special abilities


You were on level 1 of the Dungeon.
You visited 1 branch of the dungeon, and saw 2 of its levels.

You collected 53 gold pieces.

Inventory:

Armour
 a - a +0 robe (worn)
Magical Staves
 b - a staff of air (weapon)
Scrolls
 c - a scroll of silence {unknown}
 d - 3 scrolls of identify {unknown}
Potions
 e - a potion of attraction {unknown}


   Skills:
 - Level 2.1 Dodging
 - Level 1.5 Stealth
 + Level 3.1 Spellcasting


You couldn't memorise any spells.
You knew the following spells:

 Your Spells              Type           Power      Damage    Failure   Level
a - Sting                 Tmut/Pois      48%        1d5       4%          1
l - Mephitic Cloud        Conj/Pois/Air  18%        N/A       16%         3
q - Poisonous Vapours     Pois/Air       36%        N/A       8%          2
w - Olgreb's Toxic Radia  Pois           12%        N/A       45%         4
Your spell library was empty.

Dungeon Overview and Level Annotations

Branches:
Dungeon (2/15)

Altars:

Annotations:
D:2 Natasha


Innate Abilities, Weirdness & Mutations

You are immune to sickness and miasma.
You are immune to poison.
Your flesh is very heat resistant. (rF++)
You are vulnerable to cold. (rC-)
You float through the air rather than walking.
You learn spells naturally, not from books.
Your magical power is your life essence.
You have superior vitality. (+4 MHP)


Message History

Unknown command.
You kill the bat!
There is a fountain of clear blue water here.
A rat comes into view.
Casting: Poisonous Vapours (safe; 8% risk of failure)
Confirm with . or Enter, or press ? or * to list all spells.
Aiming: Poisonous Vapours (safe; 8% risk of failure)
Press: ? - help, Dir - move target, f - rat
Aim: a rat (asleep)
You feel a surge of power!
Poisonous vapours surround the rat!
The rat is poisoned.
* * * LOW HITPOINT WARNING * * *
Unknown command.
You kill the rat!
Unknown command.
A quokka comes into view.
Casting: Poisonous Vapours (safe; 8% risk of failure)
Confirm with . or Enter, or press ? or * to list all spells.
Aiming: Poisonous Vapours (safe; 8% risk of failure)
Press: ? - help, Dir - move target, f - quokka
Aim: a quokka You feel a surge of power!
Poisonous vapours surround the quokka!
The quokka is poisoned.
* * * LOW HITPOINT WARNING * * *
Unknown command.
You kill the quokka!
You see here 6 stones.
You see here 5 poisoned darts.
Found 16 gold pieces.
You now have 53 gold pieces (gained 16).
You reach down and open the door.
There is an open door here.
Found a +0 club.
Found a scale mail.
Found a stone staircase leading down.
Found an escape hatch in the floor.
Unknown command.
A rat comes into view.
The goblin shouts!
The goblin shoots a sling bullet.
The sling bullet hits you.
You die...

......# #....'...##
###...##..... ......#
#...##...'# #............
......#
#...##.g.'###............
......#
#...##...).....###.....##
.♣.♣..###...# #.......#
#.##### ............#
#.......# #.#
.......###### #.......#
#.# .......# #.......#
#.# ......##
#@.[........# ......#
#........>>## .♣.♣..#
#.#.......## ......#
#.#.......# ......# #
#.......# ......#
#.......# ......#
#......r# #.......#


You could see a goblin and a rat.

Vanquished Creatures
  A dart slug (D:1)
  4 ball pythons (D:1)
  A goblin (D:1)
  A hobgoblin (D:1)
  A quokka (D:1)
  4 bats (D:1)
  2 frilled lizards (D:1)
  3 rats (D:1)
17 creatures vanquished.

Notes
Turn   | Place    | Note
-------+----------+-------------------------------------------
     0 | D:1      | Spectrina the Djinni Venom Mage began the quest for the
                  | Orb.
     0 | D:1      | Spectrina set off with the following spells memorised:
                  | Sting, Poisonous Vapours, Mephitic Cloud, Olgreb's Toxic
                  | Radiance.
     0 | D:1      | Reached XP level 1. HP: 15/15 MP: 0/0
   103 | D:2      | Noticed Natasha
   123 | D:1      | Reached XP level 2. HP: 15/21 MP: 0/0
   147 | D:1      | Found a faded altar of an unknown god.
   215 | D:1      | Reached skill level 3 in Spellcasting
   409 | D:1      | Shot with a sling bullet by a goblin

Illustrated notes

Levels and vault maps discovered:
D:1:      wander_arrival_estate, layout_basic,
          nicolae_ecumenical_snake_handling, serial_corexii_hall,
          corexii_hall_statues_x, corexii_hall_statues_s
D:2:      layout_basic, uniq_natasha

Skill      XL: |  1  2 |
---------------+-------+-----
Spellcasting   | 3 |  3.1
Dodging        | |  2.1
Stealth        | |  1.5

Action                   || total
-------------------------++-------
 Cast: Sting             ||     8
       Poisonous Vapours ||    13
Armor: Robe              ||     2
Dodge: Dodged            ||    17

Table legend: (Time is in decaauts)
 A = Elapsed time spent in this place.
 B = Non-inter-level travel time spent in this place.
 C = Inter-level travel time spent in this place.
 D = Time resting spent in this place.
 E = Time spent auto-exploring this place.
 F = Levels seen in this place.
 G = Mean time per level.
                   A        B        C        D        E       F      G
               +--------+--------+--------+--------+--------+-----+--------+
         Total |    408 |    408 |      0 |      0 |      0 |   2 |  204.0 |
       Dungeon |    408 |    408 |      0 |      0 |      0 |   2 |  204.0 |
               +--------+--------+--------+--------+--------+-----+--------+

Top non-repeatable levels by time:
     D:1: 403 daAuts
     D:2: 5 daAuts
